 Dungeon Crawl Stone Soup version 0.27.1 (webtiles) character file.

Game seed: 18256277574707738999

2408 ZARRMARR the Magician (level 9, 0/79 HPs)
             Began as a Gargoyle Earth Elementalist on Aug 22, 2021.
             Was a Follower of Sif Muna.
             Slain by a gnoll (7 damage)
             ... on level 5 of the Dungeon.
             The game lasted 00:56:10 (9734 turns).

ZARRMARR the Magician (Gargoyle Earth Elementalist) Turns: 9734, Time: 00:56:10

Health: 0/79       AC: 24    Str: 11    XL:     9   Next: 47%
Magic:  19/20      EV:  2    Int: 20    God:    Sif Muna [*.....]
Gold:   320        SH:  0    Dex: 10    Spells: 19/23 levels left

rFire    . . .     SeeInvis +   (no weapon)
rCold    . . .     Faith    .   (no shield)
rNeg     + + +     Spirit   .   (armour currently unavailable)
rPois    ∞         Reflect  .   (helmet currently unavailable)
rElec    .         Harm     .   (cloak currently unavailable)
rCorr    .         Rampage  .   (gloves currently unavailable)
Will     .....     NoTele   +   (boots currently unavailable)
Stlth    ++........             q - amulet of regeneration
HPRegen  1.23/turn              i - ring of wizardry
MPRegen  0.17/turn              f - ring of see invisible

@: tree-form
A: stationary, stasis, torment immunity, boosted hp, sickness immunity, AC +6,
negative energy resistance 1, (electricity resistance), torment resistance 1,
petrification resistance, (big wings), robust 1
a: Renounce Religion, Channel Magic


You were on level 5 of the Dungeon.
You worshipped Sif Muna.
Sif Muna was aware of your devotion.
You were a tree.
You visited 2 branches of the dungeon, and saw 7 of its levels.

You collected 320 gold pieces.

Inventory:

Missiles
 n - 17 poisoned darts (quivered)
 p - 31 stones
Armour
 a - a +1 helmet (melded)
 j - the +3 ring mail of Pantheism (melded) {Dex+3}
   (You found it on level 4 of the Dungeon)

   Dex:       It affects your dexterity (+3).
 s - a +2 pair of boots (melded)
Jewellery
 f - a ring of see invisible (right branch)
 i - a ring of wizardry (left branch)
 k - a ring of protection from fire
 l - a ring of fire
 q - an amulet of regeneration (around neck)
Wands
 m - a wand of digging (6)
 o - a wand of acid (5)
Scrolls
 g - 3 scrolls of magic mapping
 h - a scroll of amnesia
Potions
 b - a potion of haste {unknown}
 c - a potion of heal wounds {unknown}
 e - a potion of degeneration {unknown}


   Skills:
 + Level 2.3 Fighting
 + Level 3.9 Armour
 + Level 2.8 Dodging
 + Level 4.1 Stealth
 + Level 7.5 Spellcasting
 + Level 5.8 Conjurations
 - Level 0.7 Transmutations
 - Level 6.8 Earth Magic


You had 19 spell levels left.
You knew the following spells:

 Your Spells              Type           Power      Damage    Failure   Level
a - Sandblast             Erth           68%        2d15      1%          1
b - Stone Arrow           Conj/Erth      64%        3d11      1%          3

Your spell library contained the following spells:

 Spells                   Type           Power      Damage    Failure   Level
 Passwall                 Tmut/Erth      18%        N/A       1%          2
 Summon Small Mammal      Summ           28%        N/A       3%          1
 Petrify                  Tmut/Erth      22%        N/A       8%          4
 Call Canine Familiar     Summ           7%         N/A       11%         3
 Summon Guardian Golem    Hex/Summ       7%         N/A       11%         3


Dungeon Overview and Level Annotations

Branches:
Dungeon (6/15)             Temple (1/1) D:5

Altars:
Ashenzari
Cheibriados
Elyvilon
Gozag
Kikubaaqudgha
Nemelex Xobeh
Qazlal
Ru
Sif Muna
Uskayaw
Vehumet
Wu Jian
Xom
Zin
Lugonu

Shops:
D:2 =

Portals:
Abyss: D:3

Annotations:
D:5 1 transporter, Naeght's ghost, amateur MiBe


Innate Abilities, Weirdness & Mutations

You are a tree.
Your roots penetrate the ground, keeping you stationary.
You cannot be teleported.
You are immune to unholy pain and torment.
Your maximum health is greatly increased.
Your equipment is partially melded.
You are immune to sickness and miasma.
((Your stone body is resilient. (AC +6)))
You are immune to poison.
You resist negative energy. (rN+)
((You are resistant to electric shocks. (rElec)))
You are resistant to unholy torment.
You are immune to petrification.
((Your large and strong wings let you fly.))
You are robust. (+10% HP)


Message History

The gnoll zaps a wand.
You easily resist.
The gnoll barely misses you.
As you read the scroll labelled ZIORIP IDOTU, it crumbles to dust.
Your body is wracked with pain!
The gnoll convulses!
The gnoll sergeant convulses!
The gnoll convulses! x2
It was a scroll of torment.
The gnoll sergeant hits you but does no damage.
The gnoll hits you but does no damage.
Unknown command.
As you read the scroll labelled WUCIMAYWATT, it crumbles to dust.
It is a scroll of enchant weapon.
You aren't carrying any weapons that can be enchanted.
The gnoll sergeant closely misses you. The gnoll hits you but does no damage.
As you read the scroll labelled WETWISHR EWETS, it crumbles to dust.
The scroll dissolves into smoke.
It was a scroll of fog.
The gnoll sergeant misses you. The gnoll hits you with a +0 flail.
The gnoll zaps a wand.
You turn into a tree.
Your +1 helmet melds into your body.
Your +2 pair of boots melds into your body.
The +3 ring mail of Pantheism {Dex+3} melds into your body.
Your roots penetrate the ground.
The gnoll hits you from afar with a +0 halberd!
You barely miss the gnoll sergeant.
The gnoll sergeant is heavily wounded.
The gnoll sergeant hits you with a +5 spear of pain.
The gnoll hits you but does no damage. x2
The gnoll sergeant blocks your attack.
The gnoll sergeant is heavily wounded.
The gnoll sergeant hits you but does no damage.
The gnoll hits you with a +0 flail.
* * * LOW HITPOINT WARNING * * *
The gnoll hits you with a +0 whip.
* * * LOW HITPOINT WARNING * * *
The gnoll hits you from afar with a +0 halberd.
* * * LOW HITPOINT WARNING * * *
As you read the scroll labelled VIUCLADW SAIWN, it crumbles to dust.
You speak a Word of immense power!
It was a scroll of holy word.
The gnoll sergeant hits you with a +5 spear of pain.
* * * LOW HITPOINT WARNING * * *
The gnoll hits you with a +0 flail!
You die...

........≈≈#..###.###..#≈≈.#
..#####.≈≈#g..........#≈≈.#
#..# #.≈≈###.##'##.###≈≈.#
#..## #.≈≈..#.#$$$#.#..≈≈.#
....###.≈≈.##.#..[#.##.≈≈.#
........≈≈.#g.#=:$#.©#.≈≈.#
###.....≈≈.##.#####.##.≈≈.#
##.....≈≈..#.#8§8#.#.....#
##......≈≈.©#.gg♣g§.#©....#
#.......≈≈..#.#§§g#.#.....#
#.......≈≈.##.##§##.##.≈≈.#
#.......≈≈.#. #...#..#.≈≈.#
#.......≈≈.##.#⌠.⌠#.##.≈≈.#
#.......≈≈..#.#...#.#..≈≈.#
##......≈≈###.##g##.###≈≈.#
##......≈≈#.....g....g#≈≈.#
.##.....≈≈#..###.###..#≈≈.#


You could see a gnoll sergeant and 3 gnolls.

Vanquished Creatures
  A hornet (D:5)
  5 yaks
  2 black bears
  2 necrophages
  A bullfrog (D:6)
  5 scorpions
  A wyvern skeleton (D:5)
  3 hounds (D:4)
  A centaur skeleton (D:4)
  A jelly (D:5)
  Jessica (D:3)
  4 orc wizards
  Natasha (thrice) (D:3)
  4 iguanas
  A hound skeleton (D:4)
  A mummy (D:5)
  4 gnolls (D:5)
  A howler monkey skeleton (D:6)
  6 adders
  A white imp (D:5)
  2 ufetubi
  3 worms
  3 dart slugs
  20 orcs
  3 bats
  6 endoplasms
  2 giant cockroaches
  10 hobgoblins
  6 jackals (D:1)
  2 quokkas (D:3)
  8 ball pythons
  5 frilled lizards
  2 goblins
  5 kobolds
  6 rats
131 creatures vanquished.

Vanquished Creatures (others)
  A lurking horror (D:3)
  6 plants (D:5)
7 creatures vanquished.

Grand Total: 138 creatures vanquished

Notes
Turn   | Place    | Note
-------+----------+-------------------------------------------
     0 | D:1      | ZARRMARR the Gargoyle Earth Elementalist began the quest
                  | for the Orb.
     0 | D:1      | Reached XP level 1. HP: 10/10 MP: 3/3
    93 | D:1      | Reached XP level 2. HP: 11/15 MP: 1/5
   668 | D:1      | Reached XP level 3. HP: 19/19 MP: 3/6
  1521 | D:2      | Found Yxalafig's Jewellery Emporium.
  1752 | D:2      | Reached XP level 4. HP: 24/24 MP: 6/8
  1756 | D:2      | Learned a level 3 spell: Stone Arrow
  2480 | D:2      | Reached skill level 5 in Earth Magic
  2593 | D:2      | Reached skill level 3 in Spellcasting
  2712 | D:3      | Gained mutation: Your large and strong wings let you fly.
                  | [potion of mutation]
  2712 | D:3      | Gained mutation: You are robust. (+10% HP) [potion of
                  | mutation]
  2715 | D:3      | Reached XP level 5. HP: 6/30 MP: 1/9
  3073 | D:3      | Found a faded altar of an unknown god.
  3111 | D:3      | Noticed Natasha
  3114 | D:3      | Killed Natasha
  3119 | D:3      | Found a corrupted altar of Lugonu.
  3188 | D:3      | Found a one-way gate to the infinite horrors of the Abyss.
  3541 | D:3      | Noticed Natasha
  3550 | D:3      | Killed Natasha
  3551 | D:3      | Reached skill level 1 in Conjurations
  3812 | D:3      | Noticed Natasha
  3815 | D:3      | Killed Natasha
  3816 | D:3      | Reached XP level 6. HP: 36/36 MP: 7/11
  3957 | D:3      | Noticed Jessica
  3969 | D:3      | Killed Jessica
  4087 | D:3      | Reached skill level 4 in Spellcasting
  4147 | D:3      | Found a glowing silver altar of Zin.
  4147 | D:3      | Found a hide-covered altar of Uskayaw.
  4430 | D:4      | Reached skill level 1 in Fighting
  4812 | D:4      | Identified the +3 ring mail of Pantheism {Dex+3}
  4867 | D:4      | Noticed a necrophage
  4880 | D:4      | Killed a necrophage
  4881 | D:4      | Reached XP level 7. HP: 40/41 MP: 0/13
  5906 | D:4      | You are sucked into a shaft and drop 2 floors!
  6160 | D:5      | Entered Level 5 of the Dungeon
  6190 | D:5      | Found a staircase to the Ecumenical Temple.
  6206 | D:5      | Found an ornate altar of the Wu Jian Council.
  6223 | Temple   | Entered the Ecumenical Temple
  6328 | Temple   | Became a worshipper of Ru the Awakened
  6343 | Temple   | Fell from the grace of Ru
  6343 | Temple   | Became a worshipper of Sif Muna the Loreminder
  6392 | D:5      | Reached skill level 5 in Spellcasting
  6392 | D:5      | Reached XP level 8. HP: 48/48 MP: 9/15
  6850 | D:5      | Reached skill level 1 in Armour
  7242 | D:5      | Found a snail-covered altar of Cheibriados.
  7394 | D:5      | Found a broken altar of Ashenzari.
  7483 | D:5      | Noticed a hornet
  7488 | D:5      | Killed a hornet
  7489 | D:5      | Reached skill level 6 in Spellcasting
  7663 | D:5      | Noticed Naeght's ghost (amateur MiBe)
  7674 | D:5      | Found a transporter.
  7677 | D:5      | Found a transporter.
  7745 | D:5      | Reached * piety under Sif Muna
  7746 | D:5      | Reached skill level 5 in Conjurations
  8255 | D:6      | Noticed a yak
  8256 | D:6      | Noticed a yak
  8257 | D:6      | Noticed a yak
  8260 | D:6      | Noticed a yak
  8266 | D:6      | Noticed a yak
  8280 | D:5      | Killed a yak
  8281 | D:5      | Reached XP level 9. HP: 36/52 MP: 11/19
  8526 | D:5      | Found a staircase to the Ecumenical Temple.
  8544 | D:5      | Found an ornate altar of the Wu Jian Council.
  8724 | D:5      | Found a broken altar of Ashenzari.
  8862 | D:5      | Found a transporter.
  8865 | D:5      | Found a transporter.
  9096 | D:5      | Found a snail-covered altar of Cheibriados.
  9359 | D:6      | Reached skill level 7 in Spellcasting
  9734 | D:5      | Slain by a gnoll

Illustrated notes

Levels and vault maps discovered:
D:1:      minmay_arrival_stone_box, layout_basic, st_stairs_14
D:2:      layout_basic, serial_shops, shop, serial_bayou_pond_a,
          minmay_misc_feat_five, minmay_misc_feat_plants
D:3:      layout_basic, gammafunk_temple_overflow_wave,
          ebering_ecumenical_altar_sacrificial,
          amcnicky_altar_lugonu_corruption, uniq_natasha, uniq_jessica
D:4:      layout_basic
D:5:      layout_cave_pods, chei_slow_surprise, nicolae_wu_jian_wuxing_cycle,
          evilmike_ruin_ashenzari, minmay_temple_entry_hall,
          gammafunk_ghost_gnarly_gnolls, grunt_ministairs_6
D:6:      layout_cave_pools
Temple:   nicolae_temple_figure_zero

Skill      XL: |  1  2  3  4  5  6  7  8  9 |
---------------+----------------------------+-----
Earth Magic    | 4 5 6 |  6.8
Spellcasting   | 3 4 5 6 7 |  7.5
Conjurations   | 1 2 3 5 |  5.8
Dodging        | 2 |  2.8
Fighting       | 1 2 |  2.3
Stealth        | 3 4 |  4.1
Armour         | 2 3 |  3.9
Transmutations | |  0.7

Action                   |  1- 3 |  4- 6 |  7- 9 || total
-------------------------+-------+-------+-------++-------
Melee: Unarmed           |    60 |   113 |     9 ||   182
Throw: Boomerang         |       |       |    39 ||    39
       Dart              |       |       |    25 ||    25
 Cast: Sandblast         |    48 |    20 |    38 ||   106
       Stone Arrow       |       |    45 |    59 ||   104
  Use: Scroll            |     3 |     2 |     8 ||    13
       Potion            |       |     5 |       ||     5
 Stab: Invisible         |       |     1 |       ||     1
Armor: Robe              |    21 |    50 |     4 ||    75
       Ring mail         |       |       |    26 ||    26
       Skin              |       |       |     3 ||     3
Dodge: Dodged            |    52 |    73 |    20 ||   145
